AoeStats
← HandledLeader97

Nomad

509204567Analyzed
2v2 RM · 6d ago on Sep 25, 2026· 46m 9s· 4 players
Game mode
Random Map
Map size
176×176
Population
200
Speed
Normal
Resources
Standard
Victory
Conquest
Starting age
Dark Age
Ending age
Imperial Age
RankedLock teamsTeams togetherTeam positionsShared explorationLock speedFull tech treeHidden civsTurbo modeCheats
Victory
Defeat
🇺🇸 Danes · United States
1137
+15
🇺🇸 Saxons · United States
1135
+15
🇬🇧 Persians · United Kingdom
1109
-15
🇬🇧 Koreans · United Kingdom
1108
-15
IronMurph
5:27 Loom
13:33 Feudal Age
19:53 Castle Age
21:36 Fletching
21:41 Double-Bit Axe
29:17 Scale Barding Armor
31:08 Horse Collar
32:02 Gold Mining
32:44 Chain Barding Armor
32:35 Bloodlines
33:03 Medium Warships
36:39 Forging
41:52 Fishing Lines
Kari Chokaro
10:31 Loom
12:37 Feudal Age
15:18 Double-Bit Axe
19:36 Castle Age
20:10 Stone Mining
20:12 Gold Mining
20:34 Bow Saw
21:42 Fletching
22:55 Horse Collar
25:06 Heavy Plow
28:11 Bodkin Arrow
34:53 Wheelbarrow
34:43 Ballistics
39:18 Imperial Age
41:07 Conscription
41:47 Forging
41:42 Scale Mail Armor
41:47 Bracer
45:02 Masonry
45:54 Chemistry
45:33 Chain Mail Armor
45:54 Iron Casting
HandledLeader97
10:44 Loom
14:20 Feudal Age
16:17 Double-Bit Axe
17:59 Forging
17:34 Man-at-Arms
21:16 Castle Age
19:42 Arson
27:56 Iron Casting
28:07 Horse Collar
28:46 Bow Saw
32:13 Wheelbarrow
37:18 Squires
37:22 Scale Mail Armor
40:26 Fishing Lines
41:55 Hand Cart
42:41 Chain Mail Armor
41:51 Hamask
43:30 Stone Mining
46:56 Imperial Age
46:15 Gold Mining
[EDF] Yummy Buffet
6:14 Loom
14:20 Feudal Age
14:59 Double-Bit Axe
16:15 Fishing Lines
20:37 Fletching
21:29 Wheelbarrow
23:36 Castle Age
23:39 Forging
23:23 Stone Mining
23:24 Gold Mining
23:22 Town Watch
26:07 Wheelbarrow
25:36 Scale Mail Armor
25:54 Town Watch
26:38 Gillnets
26:44 Horse Collar
29:36 Chain Mail Armor
32:05 Iron Casting
31:19 Arson
33:06 Hand Cart
34:46 Sanctity
35:26 Bow Saw
35:50 Squires
35:35 Gambesons
40:46 Imperial Age
38:58 Padded Archer Armor
42:21 Guilds
43:11 Elite Hearth Troop
44:12 Conscription
44:29 Siege Engineers
44:53 Town Patrol
45:46 Block Printing
46:35 Plate Mail Armor
47:08 Chemistry
Connection lost

Rejoining the realm…

Still unreachable

The connection could not be restored.

Session expired

The server has moved on; the page needs a fresh start.